Map: Jagannatha LE

Players

MarineLorD

  • Race: Terran Terran
  • League: Master
  • Spawn Location: 1:00

ShoWTimE - Winner!

  • Race: Protoss Protoss
  • League: Master
  • Spawn Location: 7:00

Event: DreamHack SC2 Masters 2020 Winter

VOD

Have the link to the VOD?

Description

Time

  • Played on: Nov. 4, 2020, 12:48 p.m.
  • Length: 13:57

All games in this series

Show
View Real Time Build Order
Export as new Build Order

MarineLorD Terran 

Build Orders: Gas First Reaper Expand 

Get SALT Encoding   

  12  0:00  SCV  
  13  0:12  SCV  
  14  0:17  Supply Depot  
  14  0:24  SCV  
  14  0:28  Refinery  
  15  0:38  SCV  
  16  0:44  Barracks  
  16  0:50  SCV  
  17  1:02  SCV  
  18  1:14  SCV  
  19  1:31  Reaper, Orbital Command  
  20  1:43  Command Center  
  20  1:56  Factory  
  20  1:59  SCV  
  21  2:06  Barracks Reactor  
  21  2:12  SCV, Bunker  
  22  2:23  Supply Depot  
  22  2:24  SCV  
  23  2:50  Hellion x2  
  23  2:51  SCV  
  28  2:57  Supply Depot  
  28  2:58  Refinery  
  27  2:59  Starport  
  27  3:03  SCV  
  28  3:15  SCV  
  28  3:17  Orbital Command  
  29  3:27  Hellion  
  29  3:28  Hellion  
  29  3:34  SCV  
  34  3:37  Medivac  
  36  3:42  Barracks Tech Lab  
  36  3:43  SCV  
  36  3:46  SCV  
  38  3:55  SCV  
  39  3:57  Supply Depot  
  39  3:58  SCV  
  40  4:05  Siege Tank  
  40  4:07  SCV  
  44  4:10  SCV  
  44  4:11  Marine x2  
  47  4:19  SCV, Barracks  
  48  4:26  Starport Tech Lab  
  48  4:29  Marine x2  
  48  4:30  SCV  
  48  4:31  SCV, Barracks  
  51  4:43  SCV, Engineering Bay  
  51  4:44  Refinery  
  52  4:47  Marine x2  
  52  4:48  SCV  
  55  4:55  SCV  
  54  5:00  Raven  
  54  5:01  Siege Tank  
  54  5:03  SCV  
  54  5:05  Marine x2  
  62  5:08  Supply Depot  
  62  5:11  Missile Turret  
  62  5:17  Terran Infantry Weapons Level 1  
  62  5:30  SCV x2, Marine x4  
  62  5:31  Supply Depot  
  62  5:33  Supply Depot  
  68  5:42  SCV x2  
  70  5:51  Factory Reactor  
  70  5:53  Starport Reactor, Marine x2  
  70  5:54  SCV  
  70  5:56  SCV, Supply Depot  
  70  5:57  Supply Depot  
  74  5:59  Stimpack, Marine x2  
  74  6:00  Combat Shield  
  76  6:11  Marine x2  
  78  6:23  Marauder x2  
  76  6:27  Supply Depot  
  76  6:28  Supply Depot, Medivac x2, Widow Mine x2, Marine x2  
  86  6:32  Refinery  
  86  6:44  Marauder  
  86  6:45  Marauder  
  86  6:46  Marine x2  
  92  6:52  Widow Mine x2  
  96  6:57  Supply Depot  
  96  7:04  Marine x2  
  96  7:06  Marauder x2  
  102  7:11  Terran Infantry Armor Level 1  
  102  7:18  Command Center  
  102  7:19  Concussive Shells  
  102  7:24  SCV x2  
  102  7:25  Medivac  
  102  7:26  Medivac  
  102  7:27  Marauder x2  
  102  7:29  Widow Mine  
  114  7:31  Widow Mine  
  114  7:33  Supply Depot  
  114  7:34  Supply Depot  
  116  7:38  Marine x2  
  109  7:45  SCV x2  
  109  7:49  Marauder x2  
  106  7:55  Marine x2  
  106  7:58  SCV  
  108  8:00  Medivac x2  
  110  8:10  Marauder x2  
  114  8:13  Marine  
  114  8:16  SCV x2, Widow Mine x2  
  118  8:23  Marine  
  114  8:29  SCV x2  
  114  8:30  Orbital Command  
  114  8:31  Marauder x2, Marine  
  121  8:39  Viking, Barracks  
  121  8:40  Barracks  
  121  8:41  Marine  
  123  8:43  Viking  
  123  8:44  SCV  
  123  8:45  SCV  
  128  8:50  Armory, Marine  
  129  8:58  SCV x3  
  132  9:05  Marauder x2, Marine  
  132  9:06  Refinery  
  132  9:07  Refinery  
  132  9:08  Marine  
  137  9:10  SCV  
  137  9:11  SCV  
  137  9:13  SCV  
  136  9:23  SCV x2  
  137  9:25  SCV, Marine  
  137  9:26  Marauder, Marine  
  140  9:35  SCV x2  
  140  9:37  SCV, Marauder, Marine  
  144  9:43  Viking x2, Marine  
  149  9:47  SCV x2  
  149  9:50  Terran Infantry Weapons Level 2  
  149  9:51  Terran Ship Weapons Level 1  
  151  9:54  Supply Depot  
  151  9:56  Supply Depot  
  151  10:00  Supply Depot, Barracks Tech Lab  
  151  10:01  Barracks Reactor, Supply Depot  
  151  10:05  SCV  
  151  10:06  SCV  
  153  10:07  Ghost Academy  
  153  10:13  Viking x2  
  157  10:17  Marauder  
  156  10:27  Marine  
  161  10:31  Marine  
  164  10:43  Viking x2  
  164  10:45  Marine  
  164  10:48  Ghost x3  
  167  10:50  Enhanced Shockwaves  
  167  10:54  Command Center, Marine x3  
  168  11:03  Marine  
  167  11:10  Sensor Tower  
  167  11:11  Engineering Bay  
  165  11:23  Ghost x3  
  171  11:33  Barracks  
  171  11:35  Barracks  
  171  11:36  Viking, Starport, Barracks  
  171  11:37  Viking  
  171  11:39  Terran Infantry Armor Level 2  
  173  11:42  Marine x3  
  173  11:45  Marine  
  177  11:52  Marauder x3  
  183  12:00  Marine x3  
  186  12:03  Marine  
  186  12:06  Viking x2  
  189  12:13  Marauder  
  189  12:14  Marauder x2  
  195  12:18  Marine x2  
  197  12:26  Command Center  
  197  12:35  Marauder  
  193  12:39  Marauder, Marine  
  193  12:40  Marine x2  
  193  12:41  Marauder  
  186  12:50  Marine x2  
  172  12:58  Marauder, Marine x3  
  172  13:01  Liberator x2  
  172  13:02  Liberator  
  181  13:07  Marauder, Marine x2  
  181  13:08  Marauder, Marine  
  181  13:10  Marine  
  188  13:15  Marine  
  189  13:22  Marine  
  189  13:25  Marine x2  
  189  13:26  Marauder  
  186  13:29  Marauder  
  186  13:30  Marauder  
  186  13:31  Marine x2  
Show
View Real Time Build Order
Export as new Build Order

ShoWTimE Protoss - Winner!

Build Orders: 1 Gate Expand, Blink Stalkers, Colossus Rush 

Get SALT Encoding   

  12  0:00  Probe  
  13  0:12  Probe  
  14  0:17  Pylon  
  14  0:24  Probe (Chrono Boost)  
  15  0:36  Probe (Chrono Boost)  
  15  0:38  Gateway  
  16  0:44  Probe (Chrono Boost)  
  16  0:46  Assimilator  
  17  0:50  Probe  
  18  1:03  Probe  
  19  1:15  Probe  
  20  1:25  Cybernetics Core  
  20  1:33  Nexus  
  20  1:40  Pylon  
  20  1:43  Probe  
  21  1:48  Assimilator  
  21  1:55  Probe  
  21  1:59  Adept (Chrono Boost)  
  22  2:06  Shield Battery  
  25  2:08  Probe  
  25  2:13  Warp Gate  
  25  2:21  Stalker (Chrono Boost)  
  25  2:24  Probe  
  28  2:37  Probe (Chrono Boost)  
  28  2:41  Twilight Council  
  28  2:46  Probe (Chrono Boost)  
  30  2:54  Probe (Chrono Boost)  
  30  2:56  Probe (Chrono Boost)  
  31  3:01  Probe x2 (Chrono Boost)  
  31  3:05  Robotics Facility  
  33  3:12  Probe, Blink (Chrono Boost)  
  33  3:13  Probe  
  35  3:24  Gateway  
  35  3:25  Probe  
  36  3:28  Probe  
  37  3:37  Probe  
  37  3:39  Assimilator  
  37  3:40  Probe  
  39  3:42  Pylon  
  39  3:48  Assimilator  
  39  3:49  Probe  
  39  3:52  Probe, Observer (Chrono Boost)  
  42  4:01  Probe, Stalker  
  45  4:04  Probe  
  45  4:05  Pylon  
  46  4:13  Probe  
  46  4:16  Probe, Shield Battery  
  48  4:19  Stalker  
  50  4:25  Probe, Observer  
  50  4:26  Robotics Bay  
  50  4:28  Probe  
  50  4:30  Pylon  
  53  4:32  Stalker  
  53  4:37  Probe  
  56  4:40  Probe  
  57  4:49  Probe  
  57  4:50  Stalker  
  56  4:58  Observer  
  51  5:03  Nexus  
  51  5:05  Pylon  
  51  5:06  Observer x2  
  51  5:07  Probe (Chrono Boost)  
  53  5:10  Probe (Chrono Boost)  
  54  5:20  Probe (Chrono Boost)  
  56  5:21  Probe (Chrono Boost)  
  56  5:23  Charge  
  56  5:24  Colossus (Chrono Boost)  
  56  5:25  Probe (Chrono Boost)  
  63  5:28  Probe  
  64  5:36  Probe  
  64  5:38  Extended Thermal Lance  
  64  5:41  Probe  
  66  5:46  Forge  
  66  5:48  Probe, Observer  
  67  5:51  Sentry  
  67  5:55  Probe  
  70  5:57  Pylon  
  70  6:00  Probe  
  71  6:07  Probe  
  71  6:08  Colossus (Chrono Boost), Observer  
  72  6:15  Probe  
  79  6:19  Probe  
  79  6:20  Probe  
  79  6:23  Gateway, Protoss Ground Weapons Level 1 (Chrono Boost)  
  79  6:25  Gateway  
  76  6:27  Probe  
  76  6:31  Probe  
  76  6:32  Sentry  
  80  6:37  Gateway  
  80  6:40  Gateway  
  80  6:42  Probe  
  80  6:43  Probe  
  80  6:46  Shield Battery  
  82  6:48  Observer  
  82  6:51  Probe  
  82  6:52  Pylon  
  83  6:57  Colossus  
  90  7:03  Probe (Chrono Boost)  
  90  7:05  Probe x2 (Chrono Boost)  
  92  7:11  Sentry  
  92  7:15  Probe (Chrono Boost)  
  97  7:16  Probe (Chrono Boost), Gateway  
  97  7:17  Probe (Chrono Boost)  
  97  7:18  Pylon  
  97  7:20  Probe (Chrono Boost), Zealot  
  99  7:24  Probe  
  99  7:25  Probe  
  99  7:27  Shield Battery  
  99  7:29  Zealot  
  103  7:31  Probe  
  103  7:33  Zealot x2  
  108  7:37  Pylon  
  106  7:52  Zealot x3  
  106  7:55  Warp Prism (Chrono Boost)  
  106  7:57  Templar Archives, Zealot x2  
  116  8:08  Probe  
  116  8:09  Probe  
  116  8:14  Probe  
  116  8:16  Assimilator, Protoss Ground Armor Level 1 (Chrono Boost)  
  116  8:19  Assimilator  
  117  8:20  Probe  
  117  8:22  Zealot x5  
  117  8:26  Pylon  
  122  8:34  Gateway  
  122  8:35  Pylon  
  122  8:38  Disruptor (Chrono Boost)  
  122  8:40  Pylon  
  122  8:44  Robotics Facility  
  125  8:48  High Templar  
  125  8:49  High Templar x3  
  125  8:52  Archon x2  
  133  8:58  Forge  
  133  8:59  Nexus  
  133  9:02  Pylon  
  133  9:04  Stalker x3  
  139  9:13  Disruptor  
  143  9:17  Probe x3  
  139  9:28  Zealot x4, High Templar x2  
  139  9:29  Zealot x2  
  153  9:31  Probe x2  
  153  9:32  Probe  
  153  9:33  Archon  
  156  9:41  Protoss Ground Weapons Level 2 (Chrono Boost)  
  156  9:43  Shield Battery  
  156  9:45  Pylon  
  156  9:52  Pylon x2  
  156  9:55  Disruptor (Chrono Boost)  
  157  10:01  Protoss Ground Armor Level 2 (Chrono Boost)  
  157  10:03  Zealot x2  
  164  10:09  Zealot  
  164  10:10  Disruptor (Chrono Boost)  
  164  10:14  Zealot x3  
  164  10:15  Zealot x2  
  164  10:16  Observer  
  174  10:23  Disruptor  
  174  10:24  Zealot x2  
  174  10:27  Probe x2  
  174  10:28  Probe  
  178  10:33  Photon Cannon  
  170  10:38  Disruptor  
  170  10:40  Zealot x3  
  178  10:44  Probe x3  
  178  10:49  Dark Shrine  
  181  10:52  Photon Cannon  
  181  10:55  Probe  
  181  10:56  Probe x2  
  182  11:05  Disruptor  
  182  11:10  Zealot x2  
  188  11:17  Disruptor  
  191  11:19  Probe  
  191  11:20  Probe x3  
  191  11:24  Pylon  
  195  11:32  Probe  
  196  11:36  Pylon  
  196  11:41  Gateway  
  196  11:43  Gateway  
  196  11:46  Gateway  
  196  11:48  Gateway  
  196  11:54  Nexus  
  197  12:03  Disruptor (Chrono Boost)  
  197  12:06  Pylon  
  197  12:07  Shadow Stride (Chrono Boost)  
  197  12:11  Dark Templar  
  199  12:16  Gateway  
  199  12:18  Gateway, Observer (Chrono Boost)  
  197  12:41  Disruptor x2  
  198  12:47  Zealot x6  
  190  12:58  Stalker  
  190  12:59  Stalker x4  
  192  13:30  Zealot x6  
  192  13:31  Zealot x5  
  177  13:35  Zealot x2  
Tags
 
Add a new tag
Caveats
  • Supply blocks, unpowered buildings, or Contaminate may cause inaccurate times.
  • Supply counts are checked every 10 seconds.